 Dungeon Crawl Stone Soup version 0.30-a0-1160-g6e42c06551 (webtiles) character file.

Game seed: 9221217925507926951

507 Zonian the Ruffian (level 7, -1/37 HPs)
             Began as a Vine Stalker Gladiator on Apr 26, 2023.
             Succumbed to a water moccasin's poison
             ... on level 7 of the Dungeon.
             The game lasted 00:08:06 (3222 turns).

Zonian the Ruffian (Vine Stalker Gladiator)         Turns: 3222, Time: 00:08:07

Health: -1/37      AC: 10    Str: 19    XL:     7   Next: 18%
Magic:  0/8        EV:  7    Int:  8    God:
Gold:   100        SH:  7    Dex: 15    Spells: 6/6 levels left

rFire   . .          .
                       - Unarmed
rCold   . . .        e - +0 kite shield
rNeg    . . .        c - +0 chain mail {rPois}
rPois   +            b - +0 helmet
rElec   .            f - scarf {harm}
rCorr   .            s - +0 pair of gloves
SInv    .            (no boots)
Will    .....        w - amulet of the acrobat Stlth
                     (no ring)
HPRegen 1.06/turn    (no ring)
MPRegen 0.11/turn

%: harm (+30% outgoing, +20% incoming), acrobat, guardian spirit
@: brilliant, lethally poisoned (-1 -> -7)
A: fangs 2, regeneration 1, magic shield, antimagic bite, no potion heal 2
a: no special abilities


You were on level 7 of the Dungeon.
You visited 1 branch of the dungeon, and saw 6 of its levels.

You collected 158 gold pieces.
You spent 58 gold pieces at shops.

Inventory:

Missiles
 m - a javelin (quivered)
 x - 6 poisoned darts
 y - a throwing net
Armour
 a - a +0 leather armour
 b - a +0 helmet (worn)
 c - a +0 chain mail of poison resistance (worn)
 d - a +0 troll leather armour {Pargi}
 e - a +0 kite shield (worn)
 f - a scarf of harm (worn)
 o - a +0 ring mail
 p - a +0 scale mail
 s - a +0 pair of gloves (worn)
Jewellery
 w - an amulet of the acrobat (around neck)
Wands
 v - a wand of roots (3)
 A - a wand of acid (9)
Scrolls
 i - a scroll of blinking
 k - a scroll of teleportation
 q - 2 scrolls of noise
Potions
 j - 2 potions of haste
 l - a potion of resistance
 r - a potion of degeneration {unknown}
 u - 3 potions of flight
 z - a potion of curing {unknown}


   Skills:
 + Level 3.7 Fighting
 - Level 3.3 Throwing
 + Level 3.8 Dodging
 + Level 1.5 Stealth
 + Level 0.4 Shields
 + Level 4.7 Unarmed Combat


You had 6 spell levels left.
You didn't know any spells.
Your spell library contained the following spells:

 Spells                   Type           Power      Damage    Failure   Level
 Apportation              Tloc           0%         N/A       100%        1
 Foxfire                  Conj/Fire      0%         2x1d4     100%        1
 Lesser Beckoning         Tloc           0%         N/A       100%        2
 Gell's Gravitas          Tloc           0%         N/A       100%        3
 Teleport Other           Tloc           0%         N/A       100%        3
 Alistair's Intoxication  Tmut/Pois      0%         N/A       100%        5
 Fireball                 Conj/Fire      0%         3d3       100%        5
 Plasma Beam              Fire/Air       0%         2x1d11    100%        6
 Starburst                Conj/Fire      0%         6d3       100%        6


Dungeon Overview and Level Annotations

Branches:
Dungeon (7/15)
 Temple: D:4-7

Altars:
Elyvilon
Qazlal
Uskayaw

Shops:
D:6 [

Annotations:
D:4 Eustachio, Menkaure


Innate Abilities, Weirdness & Mutations

You have extremely sharp teeth.
Your natural rate of healing is unusually fast.
When hurt, damage is shared between your health and your magic reserves.
Your bite disrupts and absorbs the magic of your enemies.
Potions cannot restore your health.


Message History

The water moccasin bites you but does no damage.
The bullfrog closely misses you.
The water moccasin bites you but does no damage.
You closely miss the bullfrog.
The bullfrog is heavily wounded.
The bullfrog hits you but does no damage.
You block the water moccasin's attack. The bullfrog barely misses you.
You completely miss the bullfrog.
The bullfrog is heavily wounded.
The water moccasin bites you. The bullfrog hits you.
The water moccasin bites you but does no damage.
You punch the bullfrog! You bite the bullfrog.
You kill the bullfrog!
The water moccasin bites you.
You miss the water moccasin. Your bite misses the water moccasin.
The water moccasin bites you but does no damage.
You block the water moccasin's attack.
You barely miss the water moccasin. The water moccasin bites you.
You hit the water moccasin but do no damage.
The water moccasin barely misses you. The water moccasin bites you.
You hit the water moccasin. Your bite misses the water moccasin.
The water moccasin is moderately wounded.
The water moccasin bites you.
You closely miss the water moccasin. Your bite misses the water moccasin.
The water moccasin is moderately wounded.
The water moccasin barely misses you. The water moccasin bites you.
You hit the water moccasin. Your bite misses the water moccasin.
The water moccasin is heavily wounded.
The water moccasin bites you.
You are poisoned.
The water moccasin poisons you!
You hit the water moccasin but do no damage.
The water moccasin is heavily wounded.
* * * LOW HITPOINT WARNING * * *
You feel very sick. The water moccasin closely misses you.
The water moccasin bites you!
* * * LOW HITPOINT WARNING * * *
It was a potion of brilliance.
You feel clever all of a sudden.
You die...

..#. ....(...# ... ...
......... #.##.. #
......... #......#
........# ##... ..##
........### #...##...###
..........# #.........#
....#
.........<####....##....
...?#
#....S@.........###...#
....##
#........#.#...........
.....#
#........####....).....
.....##
###.......#............
.......
#.................#..
...######
#:................##.
.........
...#...........(......
########.
...#.......$........##
(((##..#
................#


You could see a water moccasin.

Vanquished Creatures
  Pargi (D:3)
  2 bullfrogs (D:7)
  Blork the orc (D:4)
  A jelly (D:4)
  Ijyb (D:3)
  Terence (D:2)
  Natasha (twice) (D:3)
  3 adders
  3 dart slugs (D:2)
  2 orcs
  7 endoplasms
  4 giant cockroaches
  7 hobgoblins
  2 jackals (D:3)
  3 ball pythons (D:1)
  5 bats
  4 frilled lizards
  4 goblins
  5 kobolds
  7 rats
65 creatures vanquished.

Notes
Turn   | Place    | Note
-------+----------+-------------------------------------------
     0 | D:1      | Zonian the Vine Stalker Gladiator began the quest for the
                  | Orb.
     0 | D:1      | Reached XP level 1. HP: 11/11 MP: 2/2
    91 | D:1      | Reached XP level 2. HP: 14/15 MP: 3/3
  1016 | D:2      | Reached XP level 3. HP: 17/18 MP: 4/4
  1199 | D:2      | Noticed Terence
  1220 | D:2      | Killed Terence
  1221 | D:2      | Gained mutation: Your natural rate of healing is unusually
                  | fast. [Vine Stalker growth]
  1221 | D:2      | Reached XP level 4. HP: 18/23 MP: 1/5
  1985 | D:3      | Noticed Pargi
  1996 | D:3      | Killed Pargi
  1997 | D:3      | Reached skill level 4 in Unarmed Combat
  1997 | D:3      | Reached XP level 5. HP: 28/28 MP: 6/6
  2152 | D:3      | Found a white marble altar of Elyvilon.
  2238 | D:3      | Noticed Natasha
  2252 | D:3      | Killed Natasha
  2253 | D:3      | Reached XP level 6. HP: 20/32 MP: 3/7
  2468 | D:3      | Noticed Ijyb
  2474 | D:3      | Killed Ijyb
  2634 | D:3      | Noticed Natasha
  2640 | D:3      | Killed Natasha
  2694 | D:4      | Found a stormy altar of Qazlal.
  2809 | D:4      | Noticed Eustachio
  2812 | D:4      | Noticed Menkaure
  2819 | D:4      | Noticed Blork the orc
  2838 | D:4      | Killed Blork the orc
  3146 | D:4      | You fall into a shaft and drop 3 floors!
  3156 | D:7      | Noticed a +0 spear
  3156 | D:7      | Noticed a +0 spear
  3156 | D:7      | Noticed a +0 short sword
  3156 | D:7      | Noticed a +0 dagger
  3156 | D:7      | Noticed a +0 dagger
  3156 | D:7      | Noticed a +0 short sword
  3156 | D:7      | Noticed a +0 falchion
  3156 | D:7      | Noticed a +0 falchion
  3156 | D:7      | Noticed a water moccasin
  3160 | D:7      | Found a hide-covered altar of Uskayaw.
  3171 | D:7      | Reached skill level 1 in Stealth
  3171 | D:7      | Reached XP level 7. HP: 36/36 MP: 8/8
  3187 | D:6      | Found Sethroph's Armour Boutique.
  3192 | D:6      | Bought a +0 kite shield for 58 gold pieces
  3221 | D:7      | HP: 1/37 [water moccasin (6)]
  3222 | D:7      | Succumbed to a water moccasin's poison

Illustrated notes

Levels and vault maps discovered:
D:1:      dpeg_arrival_boxes_within_box, layout_basic, grunt_decor_one_mirror
D:2:      layout_rooms, minmay_misc_feat_chi, uniq_terence
D:3:      layout_loops_corners, elyvilon_altar_3,
          chequers_serial_rivers_small_3, uniq_ijyb, uniq_natasha, uniq_pargi
D:4:      layout_basic, mainiacjoe_overflow_alcove_4,
          grunt_temple_overflow_diamond, uniq_eustachio, uniq_blork_the_orc,
          uniq_menkaure
D:6:      corexii_shack_village, layout_loops_corners, general_overflow_altar,
          serial_shops, nicolae_take_the_stairs
D:7:      layout_cave_pools, mainiacjoe_overflow_24_doors,
          nicolae_uskayaw_en_pointe, minmay_temple_entry_ruins,
          due_unseen_surprise

Skill      XL: |  1  2  3  4  5  6 |
---------------+-------------------+-----
Fighting       | 2 3 |  3.7
Throwing       | 2 3 |  3.3
Dodging        | 3 |  3.8
Unarmed Combat | 4 |  4.7
Stealth        | 1 |  1.5
Shields        | |  0.4

Action                     |  1- 3 |  4- 6 |  7- 9 || total
---------------------------+-------+-------+-------++-------
  Melee: Unarmed           |   102 |    91 |    16 ||   209
         Bite              |    24 |    31 |     3 ||    58
         Punch             |     3 |     5 |       ||     8
  Throw: Throwing net      |     3 |       |       ||     3
         Javelin           |     1 |     1 |       ||     2
         Dart              |       |     6 |       ||     6
  Evoke: Wand              |       |     4 |       ||     4
    Use: Scroll            |     1 |    11 |       ||    12
         Potion            |       |     1 |     1 ||     2
   Stab: Held in net/web   |     1 |       |       ||     1
 Armour: Leather armour    |    14 |       |       ||    14
         Ring mail         |     6 |       |       ||     6
         Scale mail        |     4 |       |       ||     4
         Chain mail        |       |    37 |     5 ||    42
  Dodge: Dodged            |    49 |    44 |     9 ||   102
  Block: Kite shield       |       |       |     5 ||     5

Table legend: (Time is in decaauts)
 A = Elapsed time spent in this place.
 B = Non-inter-level travel time spent in this place.
 C = Inter-level travel time spent in this place.
 D = Time resting spent in this place.
 E = Time spent auto-exploring this place.
 F = Levels seen in this place.
 G = Mean time per level.
                   A        B        C        D        E       F      G
               +--------+--------+--------+--------+--------+-----+--------+
         Total |   3229 |   3081 |    148 |    538 |   1890 |   6 |  538.2 |
       Dungeon |   3229 |   3081 |    148 |    538 |   1890 |   6 |  538.2 |
               +--------+--------+--------+--------+--------+-----+--------+

Top non-repeatable levels by time:
     D:3: 1332 daAuts
     D:1: 1006 daAuts
     D:2: 489 daAuts
     D:4: 323 daAuts
     D:7: 63 daAuts
     D:6: 12 daAuts
